 Dungeon Crawl Stone Soup version 0.24-a0-583-g87330a484a (webtiles) character file.

Game seed: 2017493024082869366, levelgen mode: deterministic

48 Mithandil the Skirmisher (level 3, -1/29 HPs)
             Began as a Demonspawn Abyssal Knight on Aug 28, 2019.
             Was a Believer of Lugonu.
             Slain by a centaur zombie (3 damage)
             ... in an ossuary.
             The game lasted 00:11:35 (2196 turns).

Mithandil the Skirmisher (DsAK)                     Turns: 2196, Time: 00:11:36

Health: -1/29      AC: 10    Str: 13    XL:     3   Next: 50%
Magic:  5/5        EV:  3    Int: 13    God:    Lugonu [**....]
Gold:   85         SH:  0    Dex: 12    Spells: 3/3 levels left

rFire    + . .     SeeInvis .   b - +2 short sword (venom)
rCold    . . .     Gourm    .   (no shield)
rNeg     . . .     Faith    .   e - +0 plate armour
rPois    .         Spirit   .   (no helmet)
rElec    .         Reflect  .   (no cloak)
rCorr    +         Harm     .   (no gloves)
MR       +....                  (no boots)
Stlth    ..........             (no amulet)
HPRegen  0.09/turn              j - ring of protection from magic
MPRegen  0.09/turn              o - ring of resist corrosion

@: marked
A: claws 1, fire resistance 1
a: Depart the Abyss, Bend Space, Renounce Religion


You were in an ossuary.
You worshipped Lugonu.
Lugonu was pleased with you.
You were hungry.

You visited 1 branch of the dungeon, and saw 4 of its levels.
You visited the Abyss 1 time.
You also visited: Ossuary.

You collected 85 gold pieces.

Inventory:

Hand Weapons
 a - a +0 halberd
 b - a +2 short sword of venom (weapon)
 h - a +1 falchion
 k - a +0 dagger of venom
 m - a +0 hunting sling
Missiles
 c - 68 stones
 f - 21 bolts
 n - 18 poisoned darts (quivered)
Armour
 e - a +0 plate armour (worn)
 g - a +1 ring mail
Jewellery
 j - a ring of protection from magic (left claw)
 o - a ring of resist corrosion (right claw)
Comestibles
 d - 7 rations


   Skills:
 + Level 3.1 Fighting
 - Level 1.7 Long Blades
 * Level 1.7 Polearms
 + Level 2.1 Armour
 + Level 1.2 Dodging
 + Level 0.1 Unarmed Combat
 + Level 0.7 Spellcasting
 + Level 2.8 Invocations


You had 3 spell levels left.
You didn't know any spells.
Your spell library was empty.

Dungeon Overview and Level Annotations

Branches:
Dungeon (4/15)            Ossuary (1/1)
 Temple: D:4-7

Altars:


Innate Abilities, Weirdness & Mutations

You have sharp fingernails.
Your flesh is heat resistant. (rF+)


Message History

The big kobold zombie hits you.
You hit the human zombie but do no damage.
The human zombie is severely damaged.
The elf zombie hits you.
* * * LOW HITPOINT WARNING * * *
The human zombie hits you.
* * * LOW HITPOINT WARNING * * *
The big kobold zombie hits you but does no damage.
The human zombie hits you.
* * * LOW HITPOINT WARNING * * *
The big kobold zombie hits you.
* * * LOW HITPOINT WARNING * * *
The human zombie hits you.
* * * LOW HITPOINT WARNING * * *
The kobold zombie hits you.
* * * LOW HITPOINT WARNING * * *
The adder zombie completely misses you.
The centaur zombie hits you but does no damage.
The centaur zombie hits you.
You die...

#..M#.####.......#...#
#...# #.......#...#
#.ZZ# #.......#...#
#..Z# #.∩.....#...#
#...# ....+####...#
#..Z# #...# #...#
#...# #...# #...#
#...##############...#
#....Z...ZZ...Z@.....#
#........Z∩∩..Z......#
######################


You could see 2 adder zombies, a kobold zombie, a centaur zombie and a human
zombie.

Vanquished Creatures
  5 bats
  3 giant cockroaches
  A goblin (D:2)
  5 hobgoblins
  3 frilled lizards
  8 hobgoblin zombies (Ossuary)
  A jackal zombie (Ossuary)
  7 kobolds
  7 kobold zombies (Ossuary)
  5 orc zombies (Ossuary)
  8 rats
53 creatures vanquished.

Notes
Turn   | Place    | Note
-------+----------+-------------------------------------------
     0 | Abyss:1  | Mithandil the Demonspawn Abyssal Knight began the quest for
                  | the Orb.
     0 | Abyss:1  | Reached XP level 1. HP: 18/18 MP: 2/2
    10 | Abyss:1  | Found a corrupted altar of Lugonu.
    56 | Abyss:2  | Noticed a small abomination
    58 | D:1      | Escaped the Abyss
   280 | D:1      | Reached skill level 1 in Dodging
   301 | D:1      | Reached * piety under Lugonu
   301 | D:1      | Gained mutation: Your flesh is heat resistant. (rF+)
                  | [demonic ancestry]
   301 | D:1      | Reached XP level 2. HP: 19/24 MP: 3/3
   718 | D:1      | Reached skill level 1 in Polearms
  1502 | D:2      | Gained mutation: You have sharp fingernails. [demonic
                  | ancestry]
  1502 | D:2      | Reached XP level 3. HP: 29/29 MP: 5/5
  1860 | D:4      | Found a sand-covered staircase.
  1869 | Ossuary  | Entered an ossuary
  1953 | Ossuary  | Reached ** piety under Lugonu
  2179 | Ossuary  | HP: 1/29 [kobold zombie (1)]
  2196 | Ossuary  | Slain by a centaur zombie

Levels and vault maps discovered:
D:1:      dpeg_arrival_court, layout_basic, minmay_hexomino_p4
D:2:      layout_rooms, chequers_temple_overflow_statue_of_worship, first_ration
D:3:      minmay_diamond_boxcup, layout_basic, gammafunk_temple_overflow_wave,
          serial_corexii_hall, corexii_hall_statues_i, corexii_hall_statues_l,
          chequers_garden, kennysheep_orc_chapel, uniq_crazy_yiuf_cottage
D:4:      layout_cave_pods, marbit_many_paths,
          nemelex_xobeh_ov_fountains_minmay, enter_ossuary_1, serial_shops,
          shop, hangedman_abyss_or_decor_lesser_grid, uniq_robin
Ossuary:  ossuary_tomb_1

Skill      XL: |  1  2 |
---------------+-------+-----
Dodging        | 1 |  1.2
Polearms       | 1 |  1.7
Armour         | 2 |  2.1
Fighting       | |  3.1
Long Blades    | |  1.7
Unarmed Combat | |  0.1
Spellcasting   | |  0.7
Invocations    | |  2.8

Action                   || total
-------------------------++-------
Melee: Halberd           ||   221
       Short sword       ||   102
Invok: Depart the Abyss  ||     1
  Use: Scroll            ||     5
       Potion            ||     2
  Eat: Chunk             ||     4
Armor: Ring mail         ||    21
       Plate armour      ||   278
Dodge: Dodged            ||    78

Table legend:
 A = Non-vault XP
 B = Vault XP
 C = Vault XP percentage of total XP
 D = Non-vault monster count
 E = Vault monster count
 F = Vault count percentage of total count
                 A         B        C        D         E       F
            +---------+---------+-------+---------+---------+-------
      Total |      43 |      26 |  37.7 |      28 |      25 |  47.2
            +---------+---------+-------+---------+---------+-------
        D:1 |      23 |       5 |  17.9 |      15 |       4 |  21.1
        D:2 |      19 |       0 |   0.0 |      12 |       0 |   0.0
        D:3 |       1 |       0 |   0.0 |       1 |       0 |   0.0
    Ossuary |       0 |      21 | 100.0 |       0 |      21 | 100.0
            +---------+---------+-------+---------+---------+-------
